 Dungeon Crawl Stone Soup version 0.30.0-30-g96aa6591b8 (webtiles) character file.

Game seed: 1102262358675956761

29 cdecastro the Magician (level 3, 0/42 HPs)
             Began as a Gnoll Wanderer on June 28, 2023.
             Succumbed to an adder's poison
             ... on level 2 of the Dungeon.
             The game lasted 00:01:27 (840 turns).

cdecastro the Magician (Gnoll Wanderer)              Turns: 840, Time: 00:01:28

Health: 0/42       AC:  3    Str: 16    XL:     3   Next: 16%
Magic:  11/11      EV: 12    Int: 12    God:
Gold:   31         SH:  0    Dex:  7    Spells: 15/16 levels left

rFire   . . .        a - +3 hand axe
rCold   . . .        (no shield)
rNeg    . . .        c - +0 leather armour
rPois   .            (no helmet)
rElec   .            (no cloak)
rCorr   .            (no gloves)
SInv    .            (no boots)
Will    .....        (no amulet) Stlth
                     (no ring)
HPRegen 0.27/turn    (no ring)
MPRegen 0.12/turn

%: no passive effects
@: berserking (expiring), lethally poisoned (0 -> -1), very quick
A: fangs 1, strong nose, distributed training
a: no special abilities


You were on level 2 of the Dungeon.
You visited 1 branch of the dungeon, and saw 2 of its levels.

You collected 31 gold pieces.

Inventory:

Hand Weapons
 a - a +3 hand axe (weapon)
Missiles
 i - a throwing net
Armour
 c - a +0 leather armour (worn)
Scrolls
 d - a scroll of fear {unknown}
 f - 2 scrolls of identify {unknown}
 g - a scroll of fog {unknown}
 j - a scroll of noise {unknown}


   Skills:
 + Level 2.6 Fighting
 + Level 0.7 Short Blades
 + Level 0.7 Long Blades
 + Level 4.5 Axes
 + Level 0.7 Maces & Flails
 + Level 0.7 Polearms
 + Level 0.7 Staves
 + Level 0.7 Ranged Weapons
 + Level 2.6 Throwing
 + Level 2.6 Armour
 + Level 4.5 Dodging
 + Level 0.7 Stealth
 + Level 0.7 Shields
 + Level 0.7 Unarmed Combat
 + Level 7.1 Spellcasting
 + Level 0.5 Conjurations
 + Level 0.5 Hexes
 + Level 0.5 Summonings
 + Level 0.5 Necromancy
 + Level 0.5 Translocations
 + Level 0.5 Transmutations
 + Level 0.5 Fire Magic
 + Level 0.5 Ice Magic
 + Level 0.5 Air Magic
 + Level 0.5 Earth Magic
 + Level 0.5 Poison Magic
 + Level 0.9 Invocations
 + Level 0.7 Evocations


You had 15 spell levels left.
You knew the following spells:

 Your Spells              Type           Power      Damage    Failure   Level
a - Foxfire               Conj/Fire      20%        2x1d5     16%         1

Your spell library contained the following spells:

 Spells                   Type           Power      Damage    Failure   Level
 Volatile Blastmotes      Fire/Tloc      10%        2d10      43%         3


Dungeon Overview and Level Annotations

Branches:
Dungeon (2/15)

Altars:


Innate Abilities, Weirdness & Mutations

You have very sharp teeth.
Your uncanny sense of smell can sniff out nearby items.
Your experience applies equally to all skills.


Message History

You hit the adder.
The adder is almost dead.
You feel sick. The adder bites you.
* * * LOW HITPOINT WARNING * * *
You are lethally poisoned!
The adder poisons you!
Unknown command.
You hit the adder.
You kill the adder!
* * * LOW HITPOINT WARNING * * *
You feel very sick.
You have reached level 3!
Your experience leads to an increase in your attributes!
Increase (S)trength, (I)ntelligence, or (D)exterity?
You feel clever. x2
Unknown command.
* * * LOW HITPOINT WARNING * * *
You feel sick.
* * * LOW HITPOINT WARNING * * *
You feel sick.
There is a lethal amount of poison in your body!
Sorry, you're not good enough to have a special ability.
It was a potion of attraction.
You feel attractive to monsters.
* * * LOW HITPOINT WARNING * * *
You feel sick.
It was a potion of cancellation.
Your magical effects are unravelling.
You feel magically purged.
* * * LOW HITPOINT WARNING * * *
You feel sick.
You feel less attractive to monsters.
There is a lethal amount of poison in your body!
A red film seems to cover your vision as you go berserk!
You feel yourself moving faster!
You feel mighty!
* * * LOW HITPOINT WARNING * * *
You feel sick.
You feel a strong urge to attack something.
* * * LOW HITPOINT WARNING * * *
You feel sick.
You die...

. #. .####### #. .......#
######.. .......##.......#
.......<..#.#...+ ∆∆
........###.#...+ ∆∆
................######
................@.#..#
................#.#†'#.#..
...................†......
.............###.####.....
.............# #.## ###
.#..###...^..###..#
..................#
...~..[....~..~~..#
~~~~P~P~~≈~~P~~####


There were no monsters in sight!

Vanquished Creatures
  An adder (D:2)
  3 bats (D:1)
  2 endoplasms (D:1)
  A giant cockroach (D:1)
  A goblin (D:1)
  2 hobgoblins (D:1)
  3 kobolds (D:1)
  3 ball pythons
  3 frilled lizards (D:1)
  A rat (D:1)
20 creatures vanquished.

Notes
Turn   | Place    | Note
-------+----------+-------------------------------------------
     0 | D:1      | cdecastro the Gnoll Wanderer began the quest for the Orb.
     0 | D:1      | cdecastro set off with the following items: a +3 hand axe,
                  | a potion of berserk rage, a +0 leather armour; and the
                  | following spell memorised: Foxfire; and the following
                  | spells available to memorise: Volatile Blastmotes.
     0 | D:1      | Reached XP level 1. HP: 17/17 MP: 8/8
   212 | D:1      | Reached XP level 2. HP: 16/23 MP: 10/10
   834 | D:2      | Reached XP level 3. HP: 5/28 MP: 11/11
   838 | D:2      | HP: 2/42 [poisoned by an adder]
   840 | D:2      | Succumbed to an adder's poison

Illustrated notes

Levels and vault maps discovered:
D:1:      ldierk_walled_garden, layout_basic, serial_curves, eino_curves_04,
          eino_curves_01
D:2:      layout_rooms, basic_altar, chequers_big_river,
          roderic_serpentine_path, minmay_mini_jars

Action                     || total
---------------------------++-------
  Melee: Hand axe          ||    65
         Punch             ||     1
         Bite              ||     1
    Use: Potion            ||     3
 Armour: Leather armour    ||    24
  Dodge: Dodged            ||    48
